 Dungeon Crawl Stone Soup version 0.32-a0-643-ga006e77 (webtiles) character file.

Game seed: 15084568695783019509

3433 Dorkslayer the Ruffian (level 10, -6/64 HPs)
             Began as an Octopode Fighter on Mar 7, 2024.
             Was an Initiate of Dithmenos.
             Killed from afar by 1lSu2w's ghost (14 damage)
             ... with a zap
             ... on level 7 of the Dungeon.
             The game lasted 00:14:15 (7084 turns).

Dorkslayer the Ruffian (Octopode Fighter)           Turns: 7084, Time: 00:14:16

Health: -6/64      AC:  1    Str: 22    XL:     10   Next: 5%
Magic:  10/10      EV: 19    Int: 11    God:    Dithmenos [......]
Gold:   283        SH:  7    Dex: 11    Spells: 9/9 levels left

rFire   . . .        t - +0 morningstar (holy)
rCold   + + .        a - +2 buckler
rNeg    + . .        (helmet currently unavailable)
rPois   +            w - amulet of the acrobat
rElec   .            y - ring of protection from cold
rCorr   .            C - ring of protection from cold
SInv    .            k - ring "Liqiotol" {rPois rN+ Str+2}
Will    .....        r - +5 ring of evasion
Stlth   ++++         (no ring)
HPRegen 0.30/turn    (no ring)
MPRegen 0.12/turn    (no ring)
                     (no ring)

%: acrobat
@: beast-form, on berserk cooldown, slowed, very slow
A: beast (slay +2), almost no armour, amphibious, 8 rings, camouflage 1,
gelatinous body 1, (nimble swimmer 1), tentacles
a: Begin Untransformation, Renounce Religion


You were on level 7 of the Dungeon.
You worshipped Dithmenos.
Dithmenos was noncommittal.
You were a hulking beast.
You visited 2 branches of the dungeon, and saw 8 of its levels.
You also visited: Ossuary.

You collected 364 gold pieces.
You spent 81 gold pieces at shops.

Inventory:

Hand Weapons
 c - a +1 dagger of holy wrath
 h - a +0 dagger of flaming
 l - a +0 morningstar
 t - a +0 morningstar of holy wrath (weapon)
 z - the +1 short sword "Deojuwna" {freeze, *Slow rF+ rCorr SInv}
   (You found it on level 5 of the Dungeon)

   rF+:       It protects you from fire.
   SInv:      It lets you see invisible.
   rCorr:     It protects you from acid and corrosion.
   *Slow:     It may slow you when you take damage.
 B - a +0 war axe of flaming
Missiles
 g - 3 boomerangs (quivered)
Armour
 a - a +2 buckler (worn)
Jewellery
 k - the ring "Liqiotol" (on tentacle) {rPois rN+ Str+2}
   (You found it on level 6 of the Dungeon)

   [ring of positive energy]

   Str+2:     It affects your strength (+2).
   rPois:     It protects you from poison.
   rN+:       It protects you from negative energy.
 r - a +5 ring of evasion (on tentacle)
 w - an amulet of the acrobat (around mantle)
 y - a ring of protection from cold (left tentacle)
 C - a ring of protection from cold (right tentacle)
Talismans
 f - a dragon-blood talisman
 i - a beast talisman (active)
Wands
 e - a wand of flame (12)
 s - a wand of iceblast (2)
Scrolls
 n - 2 scrolls of teleportation
 o - a scroll of revelation {unknown}
 q - a scroll of fog
 v - 2 scrolls of vulnerability {unknown}
 A - a scroll of enchant weapon {unknown}
Potions
 d - a potion of enlightenment
 j - 3 potions of brilliance
 m - 2 potions of lignification
 p - a potion of haste {unknown}
 u - 2 potions of berserk rage
 x - 3 potions of magic


   Skills:
 + Level 4.2 Fighting
 + Level 1.5 Short Blades
 * Level 2.5(2.6) Axes
 + Level 0.1(1.5) Maces & Flails
 + Level 0.7 Throwing
 + Level 5.1 Dodging
 + Level 7.2 Stealth
 + Level 4.9 Shields
 + Level 7.4 Unarmed Combat
 * Level 5.4 Evocations
 * Level 5.1 Shapeshifting


You had 9 spell levels left.
You didn't know any spells.
Your spell library contained the following spells:

 Spells                   Type           Power      Damage    Failure   Level
 Sandblast                Erth           0%         2d4       38%         1
 Dazzling Flash           Conj/Hex       0%         N/A       77%         3
 Passwall                 Erth           0%         N/A       77%         3
 Stone Arrow              Conj/Erth      0%         3d7       77%         3
 Volatile Blastmotes      Fire/Tloc      0%         2d10      77%         3
 Brom's Barrelling Bould  Conj/Erth      0%         2d3       99%         4
 Starburst                Conj/Fire      0%         6d3       100%        6
 Maxwell's Capacitive Co  Air            0%         ∞         100%        8


Dungeon Overview and Level Annotations

Branches:
Dungeon (7/15)             Temple (1/1) D:6         Ossuary (visited)

Altars:
Ashenzari
Cheibriados
Dithmenos
Elyvilon
Fedhas
Gozag
Hepliaklqana
Kikubaaqudgha
Makhleb
Nemelex Xobeh
Okawaru
Ru
Sif Muna
Trog
Uskayaw
Vehumet
Wu Jian
Xom
Yredelemnul
Zin

Shops:
D:6 *   D:7 [

Annotations:
D:7 1lSu2w's ghost, novice OnAE


Innate Abilities, Weirdness & Mutations

You are a hulking beast.
Your limbs bulge with bestial killing power. (Slay +2)
You cannot wear most types of armour.
You are amphibious.
You can wear up to eight rings at the same time.
Your skin changes colour to match your surroundings (Stealth+).
Your rubbery body absorbs attacks. (AC +1, EV +1)
((You are camouflaged when in or above water. (Stealth+)))
You have tentacles for arms and can constrict up to eight enemies at once.


Message History

Your Axes skill increases to level 2!
Your Dodging skill increases to level 5!
Your Shapeshifting skill increases to level 5!
You have reached level 10!
You feel stronger.
You puncture 1lSu2w's ghost! 1lSu2w's ghost convulses!!
You squeeze 1lSu2w's ghost!! 1lSu2w's ghost is severely damaged.
You are no longer berserk.
You are exhausted.
You feel yourself slow down. 1lSu2w's ghost gestures wildly while chanting.
You are struck by an arc of lightning. 1lSu2w's ghost is struck by an arc of lightning.
The lightning grounds out.
You closely miss 1lSu2w's ghost. 1lSu2w's ghost is severely damaged. 1lSu2w's ghost hits you!
You block 1lSu2w's ghost's attack.
You barely miss 1lSu2w's ghost.
You squeeze 1lSu2w's ghost. 1lSu2w's ghost is severely damaged. 1lSu2w's ghost barely misses you. 1lSu2w's ghost hits you.
You are poisoned.
You closely miss 1lSu2w's ghost.
Your squeeze misses 1lSu2w's ghost. 1lSu2w's ghost is severely damaged.
You feel very sick. 1lSu2w's ghost hits you.
* * * LOW HITPOINT WARNING * * *
1lSu2w's ghost points at you and mumbles some strange words.
The zap misses you. x2
You feel better. 1lSu2w's ghost casts a spell.
You are struck by an arc of lightning!
* * * LOW HITPOINT WARNING * * *
1lSu2w's ghost is struck by an arc of lightning.
You are struck by an arc of lightning.
* * * LOW HITPOINT WARNING * * *
The lightning grounds out. 1lSu2w's ghost points at you and mumbles some strange words.
The zap hits you!
You die...

# ##.# #.....# #
##########....# #
##?♣⌠♣#.#####..# #
#ß....#..# #..# #
/.....#..# #..# #
♣.....'..####..# #
⌠.....'....##..# #
♣.....'..#.##..# #
?.....#....Wh..#
#####ß....#..#####.#
....##.♣⌠♣#..# #.#
.....######..#####.#
###### #...<.....##
#..######..# #..#
##.## #######..#
#..# #........# ##.#


You could see 1lSu2w's ghost.

Vanquished Creatures
  The ghost of Radamante the Cleaver, a novice MDFi (D:7)
  A gargoyle (D:7)
  Eustachio (D:5)
  Menkaure (D:5)
  Edmund (D:4)
  An orc warrior (D:6)
  A sky beast (D:7)
  3 ice beasts (D:5)
  A black bear (D:2)
  An ogre (D:5)
  2 centaurs
  The ghost of tls9540 the Slasher, an amateur CoGl (D:3)
  3 bullfrogs
  A gnoll sergeant (D:7)
  2 scorpions
  4 wights (Ossuary)
  A burial acolyte (Ossuary)
  A jelly (D:6)
  5 hounds
  A bombardier beetle (D:6)
  Crazy Yiuf (D:4)
  Terence (D:2)
  An orc wizard (D:6)
  An iguana (D:6)
  Ijyb (D:4)
  Robin (D:3)
  6 gnolls (D:7)
  15 adders
  A shadow imp (D:5)
  2 white imps
  An adder skeleton (Ossuary)
  2 dart slugs
  3 ribbon worms
  13 orcs
  4 bats
  11 endoplasms
  6 giant cockroaches
  19 goblins
  13 hobgoblins
  8 jackals
  6 quokkas
  3 ball pythons
  3 ball python skeletons (Ossuary)
  2 frilled lizards
  A hobgoblin skeleton (Ossuary)
  10 kobolds
  2 kobold skeletons (Ossuary)
  2 orc skeletons (Ossuary)
  8 rats
180 creatures vanquished.

Notes
Turn   | Place    | Note
-------+----------+-------------------------------------------
     0 | D:1      | Dorkslayer the Octopode Fighter began the quest for the
                  | Orb.
     0 | D:1      | Reached XP level 1. HP: 16/16 MP: 1/1
    39 | D:1      | Reached XP level 2. HP: 17/21 MP: 2/2
   241 | D:1      | Reached XP level 3. HP: 19/26 MP: 3/3
   742 | D:2      | Reached skill level 1 in Stealth
   800 | D:2      | Noticed a black bear
   808 | D:2      | Killed a black bear
   809 | D:2      | Reached skill level 1 in Shapeshifting
   809 | D:2      | Reached XP level 4. HP: 13/31 MP: 4/4
   809 | D:2      | Reached XP level 5. HP: 16/36 MP: 5/5
  1097 | D:2      | Noticed Terence
  1104 | D:2      | Killed Terence
  1485 | D:3      | Reached XP level 6. HP: 38/42 MP: 6/6
  1567 | D:3      | Found a runed translucent gate.
  1567 | D:3      | Noticed tls9540's ghost (amateur CoGl)
  1568 | D:3      | Found a runed translucent gate.
  1568 | D:3      | Found a runed translucent gate.
  1780 | D:3      | Noticed Robin
  1794 | D:3      | Killed Robin
  2205 | D:3      | Killed tls9540's ghost
  2267 | D:4      | Found a sand-covered staircase.
  2274 | Ossuary  | Entered an ossuary
  2472 | Ossuary  | Noticed a laughing skull
  2482 | Ossuary  | Noticed a laughing skull
  2483 | Ossuary  | Noticed a laughing skull
  2496 | Ossuary  | Noticed a laughing skull
  2513 | Ossuary  | Reached XP level 7. HP: 29/46 MP: 7/7
  2527 | Ossuary  | Reached skill level 1 in Evocations
  2846 | D:4      | Found a runed translucent door.
  2847 | D:4      | Noticed Crazy Yiuf
  2854 | D:4      | Killed Crazy Yiuf
  2952 | D:4      | Noticed Ijyb
  2969 | D:4      | Killed Ijyb
  3055 | D:4      | Found the +7 staff of the Meek {protect, meekguard}
  3136 | D:4      | Noticed Edmund
  3151 | D:4      | HP: 1/46 [Edmund/+0 flail of protection (11)]
  3155 | D:4      | Killed Edmund
  3156 | D:4      | Reached skill level 5 in Stealth
  3156 | D:4      | Reached XP level 8. HP: 9/54 MP: 8/8
  3551 | D:4      | Reached skill level 5 in Unarmed Combat
  3738 | D:5      | Entered Level 5 of the Dungeon
  3869 | D:5      | Noticed Eustachio
  3884 | D:5      | Killed Eustachio
  4411 | D:5      | Noticed Menkaure
  4417 | D:5      | Killed Menkaure
  4605 | D:5      | Identified the +1 short sword "Deojuwna" {freeze, *Slow rF+
                  | rCorr SInv}
  4791 | D:5      | Reached XP level 9. HP: 48/58 MP: 9/9
  5078 | D:6      | Found a white marble altar of Elyvilon.
  5314 | D:6      | Identified the ring "Liqiotol" {rPois rN+ Str+2}
  5336 | D:6      | Found an ancient bone altar of Kikubaaqudgha.
  5351 | D:6      | Found an iron altar of Okawaru.
  5363 | D:6      | HP: 1/58 [orc warrior/+0 trident (13)]
  5554 | D:6      | Found a staircase to the Ecumenical Temple.
  5560 | Temple   | Entered the Ecumenical Temple
  5575 | Temple   | Became a worshipper of Dithmenos the Shadowed
  5697 | D:6      | Found Zuefud's Assorted Antiques.
  5706 | D:6      | Bought a green potion for 25 gold pieces
  5706 | D:6      | Bought a scroll labelled AFUCHE MAGG for 28 gold pieces
  5706 | D:6      | Bought a scroll labelled GUIL URYPUMIO for 28 gold pieces
  6085 | D:7      | Reached skill level 1 in Axes
  6267 | D:7      | Found a runed translucent gate.
  6268 | D:7      | Found a runed translucent gate.
  6269 | D:7      | Found a runed translucent gate.
  6271 | D:7      | Noticed 1lSu2w's ghost (novice OnAE)
  6271 | D:7      | Noticed Radamante's ghost (novice MDFi)
  6338 | D:7      | Found Izaovuvi's Antique Armour Shop.
  6443 | D:7      | Reached skill level 1 in Short Blades
  6846 | D:7      | Noticed a gargoyle
  6855 | D:7      | Killed a gargoyle
  6856 | D:7      | Reached skill level 5 in Evocations
  7070 | D:7      | Upgraded the game from 0.32-a0-638-g83232ee to
                  | 0.32-a0-643-ga006e77
  7079 | D:7      | Killed Radamante's ghost
  7080 | D:7      | Reached skill level 5 in Dodging
  7080 | D:7      | Reached skill level 5 in Shapeshifting
  7080 | D:7      | Reached XP level 10. HP: 63/64 MP: 10/10
  7084 | D:7      | Killed from afar by 1lSu2w's ghost

Illustrated notes

Levels and vault maps discovered:
D:1:      dpeg_arrival_fog, layout_rooms
D:2:      layout_loops_ring, nicolae_eternal_life, dreamdust_princess_corridor,
          minmay_tall_x, uniq_terence
D:3:      layout_basic, gammafunk_ghost_split, grunt_decor_arrowhead,
          minmay_strange_pillars, st_stairs_5, grunt_decor_cap, uniq_robin
D:4:      minmay_spotlight, layout_basic, chequers_ossuary_entry_cave,
          nicolae_goblin_pals, uniq_crazy_yiuf_cottage, uniq_edmund
D:5:      layout_basic, minmay_misc_feat_roman, uniq_eustachio, uniq_menkaure
D:6:      layout_basic, kiku_gazebo_garden_becter, minmay_temple_entry_hall,
          serial_shops, shop, hangedman_feature_mirror, corexii_hall_statues_l
D:7:      layout_loops_ring, gammafunk_ghost_cemetery, serial_shops, shop,
          hangedman_decor_lopped, dreamdust_mushroom_princess
Temple:   nicolae_temple_bog_church

Skill      XL: |  1  2  3  4  5  6  7  8  9 |
---------------+----------------------------+-----
Stealth        | 2 3 4 5 6 7 |  7.2
Unarmed Combat | 3 4 6 7 |  7.4
Shapeshifting  | 1 2 3 4 5 |  5.1
Evocations     | 2 3 5 |  5.4
Shields        | 4 |  4.9
Dodging        | 4 5 |  5.1
Fighting       | 4 |  4.2
Axes           | 2 |  2.5
Short Blades   | 1 |  1.5
Maces & Flails | |  0.1
Throwing       | |  0.7

Action                     |  1- 3 |  4- 6 |  7- 9 | 10-12 || total
---------------------------+-------+-------+-------+-------++-------
  Melee: Unarmed           |    84 |    90 |   197 |       ||   371
         Tentacles         |    14 |    23 |    61 |     2 ||   100
         Constrict         |    20 |    29 |    44 |       ||    93
         Punch             |     2 |     6 |    10 |       ||    18
         Dagger            |       |     8 |       |       ||     8
         Short sword       |       |       |    10 |       ||    10
         Morningstar       |       |       |     9 |     4 ||    13
  Throw: Boomerang         |       |       |     4 |       ||     4
  Evoke: Wand              |       |       |     7 |       ||     7
    Use: Potion            |     2 |     1 |     5 |     1 ||     9
         Scroll            |       |     9 |     9 |       ||    18
   Stab: Sleeping          |     6 |    12 |    12 |       ||    30
 Armour: Skin              |    33 |    31 |    82 |     7 ||   153
  Dodge: Dodged            |    42 |    48 |   124 |     3 ||   217
  Block: Buckler           |     9 |    14 |    54 |     1 ||    78
   Form: Beast             |       |     1 |       |       ||     1

Table legend: (Time is in decaauts)
 A = Elapsed time spent in this place.
 B = Non-inter-level travel time spent in this place.
 C = Inter-level travel time spent in this place.
 D = Time resting spent in this place.
 E = Time spent auto-exploring this place.
 F = Levels seen in this place.
 G = Mean time per level.
                   A        B        C        D        E       F      G
               +--------+--------+--------+--------+--------+-----+--------+
         Total |   7064 |   7064 |      0 |    294 |   4583 |   9 |  784.9 |
       Dungeon |   6569 |   6569 |      0 |    210 |   4421 |   7 |  938.4 |
        Temple |     32 |     32 |      0 |      0 |      0 |   1 |   32.0 |
       Ossuary |    461 |    461 |      0 |     84 |    162 |   1 |  461.0 |
               +--------+--------+--------+--------+--------+-----+--------+

Top non-repeatable levels by time:
     D:5: 1258 daAuts
     D:7: 1074 daAuts
     D:4: 1015 daAuts
     D:6: 969 daAuts
     D:2: 904 daAuts
     D:3: 859 daAuts
     D:1: 488 daAuts
 Ossuary: 461 daAuts
  Temple: 32 daAuts
